 Dungeon Crawl Stone Soup version 0.23.1 (webtiles) character file.

Game seed: 0

19819 misha the Impaler (level 12, 0/108 HPs)
             Began as a Merfolk Berserker on Mar 1, 2019.
             Was a High Priest of Trog.
             Slain by an orc warrior
             ... wielding a +0 dire flail
             ... led by an orc high priest
              (15 damage)
             ... on level 12 of the Dungeon on Mar 2, 2019.
             The game lasted 01:27:43 (21715 turns).

misha the Impaler (Merfolk Berserker)              Turns: 21715, Time: 01:27:43

Health: 0/108      AC: 13    Str: 21    XL:     12   Next: 73%
Magic:  12/12      EV: 13    Int:  7    God:    Trog [*****.]
Gold:   1508       SH:  0    Dex: 14    Spells: 11/11 levels left

rFire    . . .     SeeInvis +   a - +0 glaive
rCold    + . .     Gourm    .   (shield currently unavailable)
rNeg     . . .     Faith    .   D - +0 chain mail {MR+}
rPois    .         Spirit   .   i - +0 helmet
rElec    .         Reflect  .   q - +1 cloak
rCorr    .         Harm     .   y - +0 pair of gloves
MR       +....                  (no boots)
Stlth    ..........             (no amulet)
HPRegen  0.28/turn              O - ring of see invisible
MPRegen  0.13/turn              d - ring of protection from cold

@: berserk cooldown, starving
A: change form in water, swift swim, stealthy swim
a: Berserk, Trog's Hand, Brothers in Arms, Renounce Religion


You were on level 12 of the Dungeon.
You worshipped Trog.
Trog was extremely pleased with you.
You were starving.

You visited 2 branches of the dungeon, and saw 14 of its levels.
You also visited: Sewer and Bailey.

You collected 1508 gold pieces.

Inventory:

Hand Weapons
 a - a +0 glaive (weapon)
 b - a +6 great sword of freezing
 r - a +0 blowgun
 Q - a +1 trident
 Z - a +3 spear of freezing
Missiles
 h - 70 poisoned needles
 j - 6 tomahawks of dispersal
 l - 99 sling bullets
 p - 3 needles of sleeping
 s - 3 javelins of penetration
 u - 10 needles of confusion
 B - 6 silver javelins
 L - 6 tomahawks (quivered)
 R - 358 stones
Armour
 i - a +0 helmet (worn)
 q - a +1 cloak (worn)
 y - a +0 pair of gloves (worn)
 D - a +0 chain mail of magic resistance (worn)
 E - the +1 robe "Appogij" {+Fly MR+}
   (You found it on level 6 of the Dungeon)

   It affects your resistance to hostile enchantments.
   It lets you fly.
 V - a +1 leather armour of magic resistance
Jewellery
 d - a ring of protection from cold (right hand)
 e - an uncursed ring of protection from fire
 w - a +4 ring of dexterity
 O - a ring of see invisible (left hand)
 X - an uncursed ring of protection from cold
Wands
 g - a wand of paralysis (7)
 J - a wand of flame (29)
 W - a wand of iceblast (2)
 Y - a wand of digging (8)
Scrolls
 f - 4 scrolls of remove curse
 n - 4 scrolls of enchant armour
 o - 5 scrolls of fog
 x - 4 scrolls of teleportation
 G - 2 scrolls of blinking
 H - a scroll of magic mapping
 K - 2 scrolls of enchant weapon
 T - 5 scrolls of identify
 U - a scroll of fear
Potions
 k - 3 potions of might
 m - 5 potions of curing
 t - 6 potions of flight
 v - 2 potions of resistance {unknown}
 z - 2 potions of brilliance {unknown}
 A - a potion of cancellation {unknown}
 C - 2 potions of degeneration {unknown}
 F - 3 potions of lignification {unknown}
 I - a potion of haste {unknown}
 M - 3 potions of agility
 N - a potion of invisibility {unknown}
 P - a potion of ambrosia {unknown}
Comestibles
 c - 11 rations


   Skills:
 + Level 14.6 Fighting
 + Level 17.0 Polearms
 + Level 4.0 Throwing
 + Level 2.3 Armour
 + Level 10.6 Dodging


You had 11 spell levels left.
You didn't know any spells.
Your spell library was empty.

Dungeon Overview and Level Annotations

Branches:
Dungeon (13/15)            Temple (0/1) D:4            Lair (0/6) D:9
    Orc (1/2) D:12
 Vaults: D:13-14

Altars:
Dithmenos
Elyvilon
Gozag
Hepliaklqana
Makhleb
Xom

Shops:
D:4 *

Annotations:
D:12 exclusion: hydra
D:13 Frances


Message History

* * * LOW HITPOINT WARNING * * *
There is a staircase back to the Dungeon here.
You can't go down here!
You feel yourself speed up.
The orc warrior hits you but does no damage.
The orc warrior barely misses you. The orc warrior misses you.
You climb upwards.
Welcome back to the Dungeon!
Level annotation: exclusion: hydra
There is a staircase to the Orcish Mines here.
You feel better. The orc warrior misses you. The orc warrior barely misses you.
Okay, then.
You are too injured to fight recklessly!
You are too injured to fight recklessly!
You are too injured to fight recklessly!
You slash the orc warrior!
The orc warrior is heavily wounded.
You closely miss the orc warrior.
The orc warrior is heavily wounded.
The orc warrior hits you with a +0 dire flail!
You die...

.#######.#........#....#
.#.....'.#....)...##...#
.#....##.#.............#######
.#....#..#..[................#
.#....#..+...................#
.#....#..#...................#
.######..#...................#
.........#...................#
#####....#.....o@............#
#....#.....o.............#
#....#...................#
#....#...................#
#....#...................#
#....#.................###
#...##.................#
#####...'..........#.......#
........#..........#.......#


You could see 2 orc warriors.

Vanquished Creatures
  2 hydras (D:12)
  2 two-headed ogres (D:12)
  A death knight (D:9)
  The ghost of grocchini the Slicer, a novice VSFi of Uskayaw (D:9)
  An unseen horror (shapeshifter) (D:12)
  The ghost of night the Martial Artist, a novice DsMo of Ashenzari (D:7)
  Pikel (D:8)
  An orc knight (Bailey)
  A wolf spider zombie (D:12)
  2 ugly things
  A cyclops (D:12)
  An elephant (D:9)
  3 gargoyles
  A centaur skeleton (D:12)
  3 trolls
  4 hippogriffs
  A shadow (D:9)
  A wraith (D:10)
  A wyvern (D:10)
  A basilisk (D:9)
  2 hungry ghosts
  A steam dragon (D:10)
  2 water moccasins
  3 ice beasts
  A slave (D:8)
  2 sky beasts
  14 orc warriors
  A phantom (D:10)
  An eye of draining (D:9)
  A black bear (D:8)
  8 ogres
  3 centaurs
  A crocodile (D:9)
  5 big kobolds
  3 bullfrogs
  A water moccasin zombie (D:10)
  5 scorpions
  4 killer bees (D:10)
  20 wights
  2 howler monkeys
  6 crimson imps
  3 quasits
  A bullfrog zombie (D:5)
  8 hounds
  5 jellies
  13 orc priests
  11 orc wizards
  A bullfrog skeleton (D:4)
  5 iguanas
  12 worker ants
  A hound skeleton (D:8)
  A howler monkey zombie (D:5)
  7 gnolls
  19 adders
  7 river rats
  5 shadow imps
  5 oozes
  3 adder zombies
  4 worms
  5 dart slugs (D:2)
  3 leopard geckos
  43 orcs
  4 giant cockroaches
  9 goblins
  9 hobgoblins
  13 jackals
  35 kobolds
  10 quokkas
  6 ball pythons
  A ball python skeleton (D:4)
  6 bats
  3 frilled lizards
  A quokka skeleton (D:8)
  25 rats
400 creatures vanquished.

Vanquished Creatures (collateral kills)
  Harold (Orc:1)
  An orc high priest (Orc:1)
  2 orc knights (Bailey)
  A cyclops (D:11)
  An acid dragon (D:9)
  2 orc warriors (Bailey)
  3 quasits (D:7)
  An orc (Bailey)
12 creatures vanquished.

Vanquished Creatures (others)
  A slave (D:8)
  A plant (D:9)
  4 toadstools (D:5)
6 creatures vanquished.

Grand Total: 418 creatures vanquished

Notes
Turn   | Place    | Note
-------+----------+-------------------------------------------
     0 | D:1      | misha the Merfolk Berserker began the quest for the Orb.
     0 | D:1      | Reached XP level 1. HP: 18/18 MP: 1/1
     6 | D:1      | Noticed a black mamba
     6 | D:1      | Noticed a hog
     6 | D:1      | Noticed a wyvern
     7 | D:1      | Noticed a polar bear
   317 | D:1      | Reached XP level 2. HP: 22/24 MP: 2/2
   447 | D:1      | Reached skill level 5 in Polearms
  1092 | D:2      | Reached XP level 3. HP: 30/30 MP: 3/3
  1153 | D:2      | Reached ** piety under Trog
  1632 | D:2      | Found a white marble altar of Elyvilon.
  1636 | D:2      | Reached skill level 6 in Polearms
  1646 | D:2      | Reached XP level 4. HP: 35/37 MP: 4/4
  2304 | D:2      | Found a hazy altar of Hepliaklqana.
  2689 | D:2      | Reached XP level 5. HP: 43/43 MP: 5/5
  2893 | D:3      | Reached skill level 7 in Polearms
  2988 | D:3      | Reached *** piety under Trog
  3470 | D:4      | Reached skill level 8 in Polearms
  3470 | D:4      | Reached XP level 6. HP: 37/50 MP: 6/6
  3529 | D:4      | Reached skill level 5 in Fighting
  3593 | D:4      | Found Hanomi's General Store.
  3673 | D:4      | Noticed a hippogriff
  3761 | D:4      | Found a glowing drain.
  3784 | Sewer    | Entered a sewer
  4074 | Sewer    | Reached skill level 9 in Polearms
  4110 | Sewer    | Reached **** piety under Trog
  4246 | Sewer    | Reached XP level 7. HP: 49/56 MP: 7/7
  4517 | Sewer    | Reached skill level 10 in Polearms
  5053 | D:4      | Found a staircase to the Ecumenical Temple.
  5171 | D:4      | Killed a hippogriff
  5171 | D:4      | Received a gift from Trog
  5171 | D:4      | Reached skill level 11 in Polearms
  5171 | D:4      | Reached XP level 8. HP: 65/65 MP: 8/8
  5260 | D:5      | Entered Level 5 of the Dungeon
  5781 | D:5      | Reached skill level 12 in Polearms
  6345 | D:6      | Got a shadowed robe
  6530 | D:6      | Found a burning altar of Makhleb.
  6690 | D:6      | Reached skill level 13 in Polearms
  6690 | D:6      | Reached XP level 9. HP: 65/74 MP: 9/9
  7099 | D:7      | Identified the +1 robe "Appogij" {+Fly MR+} (You found it
                  | on level 6 of the Dungeon)
  7414 | D:7      | Reached skill level 14 in Polearms
  8132 | D:7      | Found a transporter.
  8137 | D:7      | Found a transporter.
  8143 | D:7      | Noticed night's ghost (novice DsMo)
  8661 | D:8      | Found a shadowy altar of Dithmenos.
  9144 | D:8      | Reached skill level 10 in Fighting
  9331 | D:8      | Found a flagged portal.
  9359 | D:8      | Reached ***** piety under Trog
  9379 | Bailey   | Entered a bailey
  9379 | Bailey   | Noticed an orc knight
  9379 | Bailey   | Noticed an orc knight
  9388 | Bailey   | Killed an orc knight
  9388 | Bailey   | Reached XP level 10. HP: 82/87 MP: 10/10
  9393 | Bailey   | Noticed an orc knight
  9405 | Bailey   | Killed an orc knight
  9419 | Bailey   | HP: 2/88 [orc warrior/bolt (14)]
 10165 | Bailey   | Killed an orc knight
 11120 | D:8      | Noticed Pikel
 11141 | D:8      | Killed Pikel
 11874 | D:8      | Reached skill level 5 in Dodging
 12716 | D:9      | Reached XP level 11. HP: 98/98 MP: 11/11
 12724 | D:9      | Noticed a brown ugly thing
 12725 | D:9      | Noticed a death knight
 13089 | D:8      | Found a shadowy altar of Dithmenos.
 13167 | D:8      | Killed a brown ugly thing
 13974 | D:9      | Reached skill level 15 in Polearms
 14090 | D:9      | Found a staircase to the Lair.
 14141 | D:9      | Found a runed translucent gate.
 14141 | D:9      | Found a runed translucent gate.
 14270 | D:9      | Found a runed translucent gate.
 14295 | D:9      | Found an opulent altar of Gozag.
 14296 | D:9      | Noticed grocchini's ghost (novice VSFi)
 14630 | D:9      | Killed grocchini's ghost
 15656 | D:9      | Killed a death knight
 16064 | D:10     | Entered Level 10 of the Dungeon
 17533 | D:11     | Reached skill level 16 in Polearms
 17645 | D:11     | Noticed a cyan ugly thing
 17651 | D:11     | Killed a cyan ugly thing
 17653 | D:11     | Noticed a cyclops
 17658 | D:11     | Killed a cyclops
 18501 | D:12     | Received a gift from Trog
 18511 | D:12     | Found a staircase to the Orcish Mines.
 18516 | D:12     | Reached XP level 12. HP: 107/107 MP: 12/12
 18626 | D:12     | Reached skill level 1 in Throwing
 18651 | D:12     | Found a shimmering altar of Xom.
 18652 | D:12     | Found a shimmering altar of Xom.
 18652 | D:12     | Found a shimmering altar of Xom.
 18652 | D:12     | Found a shimmering altar of Xom.
 18913 | D:12     | Noticed an eight-headed hydra
 18924 | D:12     | Killed a 15-headed hydra
 19049 | D:12     | Reached skill level 10 in Dodging
 19218 | D:12     | Noticed a six-headed hydra
 19253 | D:12     | Noticed a two-headed ogre
 19259 | D:12     | Killed a two-headed ogre
 19653 | D:12     | Noticed a two-headed ogre
 19661 | D:12     | Killed a two-headed ogre
 19733 | D:13     | Noticed Frances
 19733 | D:13     | Noticed a centaur warrior
 19887 | D:7      | Killed night's ghost
 20337 | D:13     | Noticed a five-headed hydra
 20337 | D:13     | Noticed a two-headed ogre
 20415 | D:13     | Noticed a centaur warrior
 20966 | D:12     | Killed a seven-headed hydra
 20966 | D:12     | Received a gift from Trog
 21644 | Orc:1    | Entered Level 1 of the Orcish Mines
 21675 | Orc:1    | Noticed Harold
 21685 | Orc:1    | Killed Harold
 21685 | Orc:1    | Reached skill level 17 in Polearms
 21686 | Orc:1    | Noticed an orc high priest
 21697 | Orc:1    | Killed an orc high priest
 21715 | D:12     | Slain by an orc warrior

Skill      XL: |  1  2  3  4  5  6  7  8  9 10 11 12 |
---------------+-------------------------------------+-----
Polearms       | 5 6 8 9 11 13 14 16 17 | 17.0
Fighting       | 4 5 6 7 11 13 14 | 14.6
Dodging        | 5 9 10 | 10.6
Throwing       | 4 |  4.0
Armour         | 2 |  2.3

Action                   |  1- 3 |  4- 6 |  7- 9 | 10-12 || total
-------------------------+-------+-------+-------+-------++-------
Melee: Spear             |   110 |   248 |       |       ||   358
       Trident           |       |    85 |   557 |   199 ||   841
       Tailslap          |       |     5 |     6 |       ||    11
       Glaive            |       |       |       |   470 ||   470
       Great sword       |       |       |       |     1 ||     1
Throw: Tomahawk          |       |       |     4 |     3 ||     7
       Javelin           |       |       |       |     2 ||     2
Invok: Berserk           |       |       |     3 |     9 ||    12
       Brothers in Arms  |       |       |     2 |     6 ||     8
       Trog's Hand       |       |       |     1 |       ||     1
Evoke: Wand              |       |       |     1 |    10 ||    11
  Use: Scroll            |       |     4 |    13 |     3 ||    20
       Potion            |       |       |     1 |     9 ||    10
 Stab: Distracted        |       |       |       |     1 ||     1
       Sleeping          |       |       |       |     1 ||     1
       Paralysed         |       |       |       |     7 ||     7
  Eat: Ration            |     1 |       |       |     9 ||    10
       Chunk             |       |     6 |    21 |    19 ||    46
Armor: Animal skin       |     6 |       |       |       ||     6
       Scale mail        |     9 |    78 |   140 |    16 ||   243
       Robe              |       |       |       |    30 ||    30
       Leather armour    |       |       |       |    81 ||    81
       Chain mail        |       |       |       |     7 ||     7
Dodge: Dodged            |    39 |   157 |   214 |   451 ||   861
